 Dungeon Crawl Stone Soup version 0.30-a0-385-gfebfb9b408 (webtiles) character file.

Game seed: 11716620954474860070

30 tio the Caller (level 3, 0/25 HPs)
             Began as a Demonspawn Summoner on Dec 3, 2022.
             Was a Follower of Makhleb.
             Succumbed to an adder's poison
             ... on level 2 of the Dungeon.
             The game lasted 00:06:14 (1160 turns).

tio the Caller (Demonspawn Summoner)                Turns: 1160, Time: 00:06:15

Health: 0/25       AC:  2    Str: 10    XL:     3   Next: 5%
Magic:  4/6        EV: 12    Int: 16    God:    Makhleb [*.....]
Gold:   55         SH:  0    Dex: 13    Spells: 5/6 levels left

rFire   . . .      SeeInvis .    d - +0 short sword
rCold   . . .      Faith    .    (no shield)
rNeg    . . .      Spirit   .    a - +0 robe
rPois   .          Reflect  .    (helmet restricted)
rElec   .          Harm     .    (no cloak)
rCorr   .          Rampage  .    (no gloves)
Will    .....                    (no boots)
Stlth   ++........               (no amulet)
HPRegen 0.24/turn                (no ring)
MPRegen 0.10/turn                (no ring)

@: lethally poisoned (0 -> -6)
A: antennae 1
a: Renounce Religion


You were on level 2 of the Dungeon.
You worshipped Makhleb.
Makhleb was aware of your devotion.
You visited 1 branch of the dungeon, and saw 2 of its levels.

You collected 55 gold pieces.

Inventory:

Hand Weapons
 c - a +0 club
 d - a +0 short sword (weapon)
Armour
 a - a +0 robe (worn)
Scrolls
 g - a scroll of fear {unknown}
Potions
 b - a potion of magic
 e - a potion of mutation {unknown}
 f - 2 potions of ambrosia {unknown}


   Skills:
 + Level 0.5 Fighting
 + Level 1.9 Dodging
 + Level 2.0 Stealth
 + Level 2.2 Spellcasting
 + Level 4.6 Summonings


You had 5 spell levels left.
You knew the following spells:

 Your Spells              Type           Power      Damage    Failure   Level
a - Summon Small Mammal   Summ           64%        N/A       3%          1

Your spell library contained the following spells:

 Spells                   Type           Power      Damage    Failure   Level
 Call Imp                 Summ           16%        N/A       4%          2
 Call Canine Familiar     Summ           16%        N/A       9%          3
 Kiss of Death            Conj/Necr      4%         2d5       21%         1
 Summon Guardian Golem    Hex/Summ       9%         N/A       24%         3
 Confusing Touch          Hex            1%         N/A       52%         3
 Summon Lightning Spire   Summ/Air       9%         N/A       61%         4
 Dispel Undead            Necr           1%         3d6       90%         4


Dungeon Overview and Level Annotations

Branches:
Dungeon (2/15)

Altars:
Makhleb


Innate Abilities, Weirdness & Mutations

You have a pair of small antennae on your head.


Message History

You closely miss the quokka.
The quokka is lightly wounded.
Your quokka bites the quokka.
The quokka bites you.
The adder bites your quokka but does no damage.
Your quokka bites the quokka.
The quokka dies!
Makhleb accepts your kill.
Your quokka closely misses the adder.
An adder comes into view.
The adder hisses angrily.
The adder barely misses your quokka.
Your quokka bites the adder but does no damage.
You see here a quokka corpse.
You hit the adder but do no damage.
Your quokka dies!
Your quokka's corpse disappears in a puff of smoke!
Your quokka closely misses the adder.
The adder barely misses you. The adder bites you.
You closely miss the adder.
Your quokka bites the adder.
The adder bites you.
You are poisoned.
The adder poisons you! The adder barely misses you.
You barely miss the adder.
You feel sick. The adder barely misses you.
Your quokka misses the adder. The adder misses you. The adder bites you.
Your quokka misses the adder. You hit the adder.
The adder is moderately wounded.
You feel sick. The adder bites you but does no damage. The adder bites you.
* * * LOW HITPOINT WARNING * * *
You are lethally poisoned!
The adder poisons you!
Your quokka closely misses the adder.
You barely miss the adder.
The adder is moderately wounded.
* * * LOW HITPOINT WARNING * * *
You feel sick. The adder closely misses you. The adder bites you.
* * * LOW HITPOINT WARNING * * *
Your quokka barely misses the adder.
The adder bites you.
* * * LOW HITPOINT WARNING * * *
You hit the adder. Your punch misses the adder.
The adder is severely wounded.
You die...

## .. #. #.#
..## ..#
##S#### #<@...#
#..S....#
.....r....>.#
#.............#
####....>.....#
#..........#
#..........#
##....[..#.#


You could see 2 adders and a friendly quokka (summoned).

Vanquished Creatures
  3 ball pythons (D:1)
  5 endoplasms (D:1)
  3 goblins (D:1)
  2 hobgoblins (D:1)
  2 kobolds (D:1)
  3 bats (D:1)
  A frilled lizard (D:1)
  A rat (D:1)
20 creatures vanquished.

Vanquished Creatures (collateral kills)
  2 goblins (D:1)
  A hobgoblin (D:1)
  A quokka (D:2)
  A bat (D:2)
  A frilled lizard (D:1)
6 creatures vanquished.

Grand Total: 26 creatures vanquished

Notes
Turn   | Place    | Note
-------+----------+-------------------------------------------
     0 | D:1      | tio the Demonspawn Summoner began the quest for the Orb.
     0 | D:1      | Reached XP level 1. HP: 13/13 MP: 3/3
   241 | D:1      | Gained mutation: You have a pair of small antennae on your
                  | head. [demonic ancestry]
   241 | D:1      | Reached XP level 2. HP: 20/20 MP: 3/5
   368 | D:1      | Found a faded altar of an unknown god.
   371 | D:1      | Prayed at the altar of an unknown god.
   371 | D:1      | Became a worshipper of Makhleb the Destroyer
   371 | D:1      | Reached * piety under Makhleb
   928 | D:1      | Reached XP level 3. HP: 25/25 MP: 6/6
  1160 | D:2      | Succumbed to an adder's poison

Illustrated notes

Levels and vault maps discovered:
D:1:      sevenhm_arrival_forest_fort_small_4, layout_loops_corners,
          shapermc_ecumenical_altar_mp_vishouse
D:2:      layout_rooms, minmay_misc_feat_enclosed, uniq_crazy_yiuf_cottage

Skill      XL: |  1  2 |
---------------+-------+-----
Stealth        | 2 |  2.0
Fighting       | |  0.5
Dodging        | |  1.9
Spellcasting   | |  2.2
Summonings     | |  4.6

Action                   || total
-------------------------++-------
Melee: Short sword       ||    80
       Unarmed           ||     5
       Club              ||     4
 Cast: Summon Small Mamm ||    14
Armor: Robe              ||    28
Dodge: Dodged            ||    63

Table legend: (Time is in decaauts)
 A = Elapsed time spent in this place.
 B = Non-inter-level travel time spent in this place.
 C = Inter-level travel time spent in this place.
 D = Time resting spent in this place.
 E = Time spent auto-exploring this place.
 F = Levels seen in this place.
 G = Mean time per level.
                   A        B        C        D        E       F      G
               +--------+--------+--------+--------+--------+-----+--------+
         Total |   1167 |   1142 |     25 |      0 |    914 |   2 |  583.5 |
       Dungeon |   1167 |   1142 |     25 |      0 |    914 |   2 |  583.5 |
               +--------+--------+--------+--------+--------+-----+--------+

Top non-repeatable levels by time:
     D:1: 1152 daAuts
     D:2: 14 daAuts
